Map: [ESL] Hecate

Players

Arrogfire - Winner!

  • Race: Protoss Protoss
  • Spawn Location: 1:00

DnS

  • Race: Protoss Protoss
  • Spawn Location: 7:00

Event: ESL SC2 Masters 2023 Winter (Regional)

VOD

Have the link to the VOD?

Description

Time

  • Played on: Oct. 29, 2023, 11:51 a.m.
  • Length: 11:37

All games in this series

Show
View Real Time Build Order
Export as new Build Order

Arrogfire Protoss - Winner!

Build Orders: Phoenix Opening, Blink Stalkers 

Get SALT Encoding   

  12  0:00  Probe  
  13  0:12  Probe  
  14  0:16  Pylon  
  14  0:24  Probe (Chrono Boost)  
  16  0:36  Gateway, Probe (Chrono Boost)  
  16  0:42  Probe (Chrono Boost)  
  16  0:45  Assimilator  
  17  0:51  Probe  
  17  0:54  Assimilator  
  18  1:03  Probe (Chrono Boost)  
  19  1:07  Gateway  
  19  1:13  Probe (Chrono Boost)  
  19  1:18  Probe (Chrono Boost)  
  20  1:24  Cybernetics Core  
  21  1:29  Probe  
  22  1:33  Pylon  
  22  1:41  Probe  
  23  1:53  Probe  
  24  2:01  Sentry, Stalker  
  26  2:05  Warp Gate (Chrono Boost)  
  28  2:11  Pylon  
  28  2:20  Pylon  
  28  2:21  Probe  
  29  2:24  Stalker  
  31  2:32  Phoenix  
  31  2:33  Sentry  
  33  2:46  Nexus  
  33  2:49  Probe  
  34  2:54  Shield Battery  
  36  3:01  Probe  
  37  3:07  Pylon  
  37  3:13  Probe  
  36  3:20  Twilight Council  
  36  3:25  Probe  
  37  3:33  Pylon  
  37  3:38  Probe  
  38  3:45  Stalker x2  
  40  3:52  Blink (Chrono Boost)  
  40  3:53  Probe (Chrono Boost)  
  41  3:58  Probe (Chrono Boost)  
  41  4:08  Phoenix  
  41  4:09  Probe (Chrono Boost)  
  41  4:11  Sentry, Probe (Chrono Boost), Stalker  
  45  4:18  Probe (Chrono Boost)  
  47  4:26  Probe (Chrono Boost)  
  47  4:27  Probe (Chrono Boost)  
  48  4:32  Probe (Chrono Boost)  
  48  4:33  Probe  
  48  4:34  Phoenix  
  50  4:39  Nexus  
  50  4:45  Probe  
  52  4:49  Shield Battery  
  52  4:50  Stalker  
  53  4:54  Stalker  
  53  4:55  Probe  
  55  5:00  Probe  
  56  5:10  Probe  
  56  5:13  Pylon  
  58  5:22  Gateway  
  58  5:24  Stalker  
  58  5:26  Robotics Facility, Stalker  
  58  5:28  Probe (Chrono Boost)  
  62  5:31  Probe (Chrono Boost)  
  62  5:34  Shield Battery  
  63  5:37  Assimilator  
  65  5:44  Phoenix, Probe (Chrono Boost)  
  65  5:45  Probe (Chrono Boost), Forge  
  65  5:47  Pylon  
  65  5:52  Probe (Chrono Boost)  
  65  5:55  Probe (Chrono Boost)  
  68  5:57  Probe (Chrono Boost)  
  68  5:59  Stalker  
  68  6:02  Probe x2 (Chrono Boost)  
  73  6:05  Probe (Chrono Boost)  
  73  6:06  Stalker  
  73  6:10  Probe x2  
  73  6:11  Protoss Ground Weapons Level 1 (Chrono Boost)  
  76  6:16  Probe  
  78  6:22  Probe  
  78  6:24  Gateway  
  79  6:26  Probe  
  79  6:27  Gateway  
  79  6:28  Observer (Chrono Boost)  
  79  6:30  Gateway  
  79  6:31  Probe  
  82  6:34  Probe  
  82  6:38  Probe, Stalker  
  86  6:40  Stalker  
  88  6:53  Warp Prism (Chrono Boost)  
  86  6:55  Stalker  
  86  6:58  Pylon  
  86  6:59  Observer, Probe, Pylon  
  86  7:00  Probe x2  
  93  7:03  Pylon  
  93  7:16  Stalker x2  
  93  7:19  Stalker x2  
  93  7:22  Probe  
  102  7:24  Stalker  
  102  7:27  Photon Cannon  
  102  7:29  Stalker  
  106  7:32  Pylon  
  106  7:40  Pylon  
  106  7:45  Protoss Ground Weapons Level 2 (Chrono Boost)  
  106  7:46  Stalker x4  
  106  7:48  Stalker  
  116  7:52  Stalker  
  118  8:13  Stalker x4  
  118  8:18  Stalker  
  110  8:29  Stalker  
  110  8:30  Probe  
  95  8:38  Probe x2  
  95  8:40  Stalker x2  
  93  8:41  Warp Prism (Chrono Boost)  
  93  8:46  Stalker  
  93  8:47  Stalker x2  
  95  8:51  Assimilator  
  95  8:52  Nexus  
  94  9:05  Stalker x2  
  98  9:13  Stalker x2  
  98  9:14  Charge (Chrono Boost)  
  98  9:16  Probe x2  
  98  9:17  Probe  
  105  9:18  Stalker  
  105  9:20  Pylon  
  107  9:28  Probe  
  108  9:33  Probe  
  108  9:34  Probe  
  108  9:36  Gateway  
  106  9:41  Gateway  
  106  9:43  Zealot x3, Stalker x3  
  114  9:55  Warp Prism (Chrono Boost)  
  114  9:59  Probe  
  118  10:00  Probe  
  118  10:01  Probe  
  118  10:03  Shield Battery  
  118  10:04  Stalker x3  
  125  10:24  Stalker x3  
  131  10:30  Photon Cannon  
  131  10:31  Pylon  
  131  10:43  Zealot x2, Stalker x3  
  131  10:45  Pylon  
  131  10:46  Pylon  
  131  10:47  Zealot, Stalker  
  131  10:48  Zealot  
  147  10:53  Probe  
  147  10:54  Photon Cannon, Probe  
  138  11:05  Observer (Chrono Boost)  
  138  11:08  Zealot  
  138  11:09  Zealot x2  
  138  11:10  Probe  
  121  11:22  Zealot x3  
  118  11:34  Zealot x5  
Show
View Real Time Build Order
Export as new Build Order

DnS Protoss 

Build Orders: Oracle Opening 

Get SALT Encoding   

  12  0:00  Probe  
  13  0:12  Probe  
  14  0:18  Pylon  
  14  0:24  Probe (Chrono Boost)  
  15  0:36  Gateway, Probe (Chrono Boost)  
  16  0:44  Probe (Chrono Boost)  
  16  0:45  Assimilator  
  17  0:51  Probe  
  17  0:53  Assimilator  
  18  1:03  Probe (Chrono Boost)  
  19  1:06  Gateway  
  20  1:12  Probe (Chrono Boost)  
  20  1:17  Probe (Chrono Boost)  
  20  1:23  Cybernetics Core  
  21  1:29  Probe  
  22  1:34  Pylon  
  22  1:41  Probe  
  23  1:55  Probe  
  23  2:00  Stalker x2  
  28  2:03  Warp Gate  
  28  2:13  Pylon  
  28  2:22  Stargate  
  28  2:35  Adept x2  
  32  3:06  Nexus, Oracle (Chrono Boost)  
  35  3:16  Shield Battery  
  35  3:18  Probe  
  36  3:25  Pylon  
  36  3:30  Probe  
  35  3:49  Oracle  
  35  3:53  Probe  
  37  3:56  Twilight Council  
  35  4:10  Probe (Chrono Boost)  
  35  4:16  Stalker x2  
  39  4:18  Probe (Chrono Boost)  
  39  4:23  Probe (Chrono Boost)  
  41  4:25  Pylon  
  41  4:28  Blink (Chrono Boost), Probe (Chrono Boost)  
  43  4:31  Probe (Chrono Boost)  
  43  4:35  Probe (Chrono Boost)  
  43  4:36  Probe (Chrono Boost)  
  45  4:45  Stalker  
  47  4:46  Probe  
  47  4:47  Probe  
  49  4:55  Stalker  
  49  4:58  Gateway  
  51  5:00  Probe  
  51  5:01  Probe  
  53  5:13  Probe x2  
  53  5:20  Nexus  
  51  5:25  Stalker  
  53  5:31  Stalker  
  53  5:33  Pylon, Probe x2  
  57  5:42  Assimilator  
  57  5:45  Probe  
  57  5:46  Probe  
  59  5:52  Stalker x2  
  59  5:54  Stalker  
  65  5:59  Probe x2  
  65  6:00  Shield Battery  
  67  6:04  Forge  
  67  6:11  Probe x2  
  67  6:15  Pylon  
  67  6:17  Stalker  
  71  6:23  Probe (Chrono Boost), Stalker  
  71  6:25  Stalker  
  76  6:27  Probe (Chrono Boost)  
  77  6:33  Probe (Chrono Boost)  
  77  6:34  Protoss Ground Weapons Level 1 (Chrono Boost)  
  77  6:36  Probe (Chrono Boost)  
  77  6:39  Robotics Facility, Probe (Chrono Boost)  
  80  6:41  Charge  
  80  6:43  Probe x2 (Chrono Boost)  
  80  6:45  Probe (Chrono Boost)  
  83  6:53  Probe  
  84  6:54  Probe  
  84  6:58  Probe  
  86  7:04  Gateway x2  
  86  7:05  Gateway  
  86  7:07  Sentry, Stalker x2  
  86  7:08  Probe  
  93  7:09  Probe  
  93  7:14  Probe  
  93  7:15  Pylon  
  95  7:19  Pylon  
  95  7:20  Gateway  
  95  7:22  Gateway  
  95  7:29  Observer (Chrono Boost), Assimilator  
  96  7:31  Pylon  
  96  7:42  Zealot x3, Immortal (Chrono Boost)  
  96  7:43  Pylon  
  106  7:50  Templar Archives  
  106  7:53  Nexus  
  106  8:02  Pylon  
  106  8:03  Stalker x2  
  104  8:07  Zealot  
  104  8:08  Zealot  
  104  8:11  Stalker x2  
  108  8:16  Zealot x2  
  86  8:28  Stalker  
  86  8:29  Stalker x3  
  77  8:37  Zealot x2  
  77  8:38  Zealot  
  74  8:44  Probe x2  
  74  8:47  Immortal (Chrono Boost)  
  66  8:55  Stalker  
  66  8:59  Stalker  
  66  9:02  Stalker  
  70  9:07  Zealot  
  68  9:14  Dark Shrine  
  68  9:28  Stalker x3  
  68  9:30  Zealot x2  
  76  9:39  Observer  
  76  9:42  Zealot x3  
  80  9:52  Stalker x3  
  76  9:55  Probe x4  
  76  10:07  Probe x2  
  76  10:10  Zealot x2  
  76  10:11  Zealot  
  84  10:16  Zealot x2  
  84  10:17  Zealot  
  82  10:25  Dark Templar x2  
  86  10:31  Dark Templar  
  86  10:33  Stalker  
  90  10:40  Dark Templar, Zealot x2  
  96  10:46  Zealot  
  98  10:55  Probe x3  
  101  10:58  Dark Templar  
  101  10:59  Zealot x2  
  97  11:07  Dark Templar, Zealot x3  
  82  11:15  Dark Templar  
  68  11:21  Zealot x2  
  71  11:30  Zealot x4  
Tags
 
Add a new tag
Caveats
  • Supply blocks, unpowered buildings, or Contaminate may cause inaccurate times.
  • Supply counts are checked every 10 seconds.